Map: Kairos Junction LE

Players

Kelazhur - Winner!

  • Race: Terran Terran
  • League: Diamond
  • Spawn Location: 5:00

Vindicta

  • Race: Terran Terran
  • League: Grandmaster
  • Spawn Location: 11:00

Event: 2019 WCS Winter Americas

VOD

Have the link to the VOD?

Description

Time

  • Played on: Feb. 2, 2019, 1:11 p.m.
  • Length: 9:28

All games in this series

Show
View Real Time Build Order
Export as new Build Order

Kelazhur Terran - Winner!

Build Orders:  

Get SALT Encoding   

  12  0:00  SCV  
  13  0:13  SCV  
  14  0:16  Supply Depot  
  14  0:25  SCV  
  14  0:28  Refinery  
  15  0:38  SCV  
  16  0:44  Barracks  
  16  0:50  SCV  
  16  0:55  Refinery  
  17  1:02  SCV  
  18  1:14  SCV  
  19  1:31  Orbital Command  
  19  1:33  Factory  
  19  1:34  Reaper  
  20  1:43  Supply Depot  
  20  1:57  SCV  
  21  2:06  Reaper  
  22  2:09  SCV  
  23  2:17  Hellion  
  23  2:21  SCV  
  26  2:28  Command Center  
  26  2:33  SCV  
  27  2:38  Reaper, Hellion  
  30  2:44  Supply Depot  
  30  2:45  SCV  
  31  2:52  Starport  
  31  3:00  Factory Tech Lab  
  31  3:06  SCV  
  31  3:10  Barracks Reactor  
  32  3:18  SCV  
  33  3:22  Cyclone  
  36  3:28  Refinery  
  36  3:32  Starport Tech Lab  
  36  3:33  SCV  
  37  3:42  Orbital Command  
  37  3:46  SCV  
  37  3:47  Marine x2  
  40  3:52  Raven  
  42  3:58  SCV  
  46  4:02  Cyclone  
  46  4:05  Marine x2  
  46  4:06  Supply Depot  
  46  4:09  SCV  
  49  4:19  SCV  
  49  4:23  Marine x2  
  49  4:36  Siege Tank  
  49  4:38  SCV x2  
  54  4:39  Supply Depot  
  54  4:41  Marine  
  52  4:47  Marine  
  52  4:49  Raven  
  52  4:50  SCV x2  
  57  4:59  Marine  
  58  5:02  SCV x2  
  58  5:07  Supply Depot  
  57  5:08  Siege Tank  
  57  5:09  Marine  
  61  5:14  SCV  
  61  5:16  SCV, Marine  
  61  5:20  Command Center  
  64  5:27  SCV, Marine  
  64  5:28  SCV  
  67  5:39  SCV  
  67  5:42  Siege Tank  
  71  5:44  SCV  
  72  5:51  SCV  
  72  5:54  Refinery, Supply Depot  
  72  5:56  SCV  
  74  6:01  Marine  
  74  6:02  Viking, Stimpack  
  77  6:06  SCV, Supply Depot  
  77  6:07  Supply Depot  
  78  6:15  Viking  
  80  6:19  Marine  
  80  6:20  SCV x2  
  80  6:21  Barracks  
  80  6:22  Barracks  
  83  6:32  SCV, Siege Tank  
  83  6:33  Viking  
  86  6:44  Marine  
  86  6:45  SCV x2  
  89  6:47  Orbital Command  
  89  6:49  Engineering Bay x2  
  89  6:56  Viking  
  89  6:57  SCV  
  92  7:01  Marine  
  92  7:02  SCV  
  92  7:07  Viking, Refinery  
  96  7:10  SCV  
  96  7:14  SCV  
  98  7:19  SCV  
  98  7:22  SCV  
  98  7:23  Siege Tank  
  98  7:29  Viking  
  103  7:31  Barracks Reactor x2  
  103  7:32  Terran Infantry Weapons Level 1, Terran Infantry Armor Level 1  
  103  7:36  SCV  
  104  7:37  Viking  
  104  7:43  SCV  
  107  7:46  Marine  
  107  7:49  SCV x2  
  110  7:52  Barracks x2  
  110  7:55  SCV  
  111  8:01  SCV x2  
  111  8:04  Marine  
  114  8:07  SCV  
  115  8:12  Marine  
  115  8:13  Marine  
  115  8:16  Marine x2, Supply Depot  
  115  8:17  Supply Depot x2  
  115  8:19  Siege Tank  
  116  8:20  SCV  
  117  8:31  Supply Depot  
  117  8:32  Missile Turret  
  117  8:33  Armory  
  117  8:37  Medivac x2, Sensor Tower, Marine x3  
  117  8:39  Refinery  
  117  8:40  Barracks Reactor x2  
  124  8:47  Marine  
  124  8:48  Marine  
  126  8:55  Marine  
  127  8:56  Marine  
  127  8:57  Marine  
  129  9:05  Marine  
  129  9:08  Marine  
  129  9:09  Supply Depot  
  131  9:13  Supply Depot  
  131  9:14  Command Center  
  119  9:26  Supply Depot  
Show
View Real Time Build Order
Export as new Build Order

Vindicta Terran 

Build Orders:  

Get SALT Encoding   

  12  0:03  SCV  
  13  0:15  SCV  
  13  0:19  Supply Depot  
  14  0:27  SCV  
  15  0:29  Refinery  
  15  0:41  SCV  
  16  0:45  Barracks  
  16  0:53  SCV  
  16  0:56  Refinery  
  17  1:05  SCV  
  18  1:17  SCV  
  19  1:33  Reaper, Orbital Command  
  19  1:37  Factory  
  20  1:48  Supply Depot  
  20  1:59  SCV  
  21  2:05  Reaper  
  22  2:11  SCV  
  23  2:20  Hellion  
  25  2:23  SCV  
  26  2:32  Command Center  
  26  2:38  Reaper  
  26  2:39  Supply Depot  
  26  2:42  Hellion  
  29  2:45  SCV  
  30  2:57  SCV, Starport  
  31  3:04  Factory Tech Lab  
  31  3:09  SCV  
  31  3:10  Barracks Reactor  
  32  3:21  SCV  
  32  3:22  Cyclone  
  35  3:33  SCV  
  36  3:38  Starport Tech Lab  
  36  3:45  SCV, Orbital Command  
  36  3:48  Marine x2  
  42  3:57  SCV, Raven  
  42  4:06  Marine x2  
  42  4:09  SCV  
  45  4:10  SCV  
  45  4:14  Command Center  
  44  4:21  SCV  
  44  4:22  SCV, Cyclone  
  48  4:27  Marine  
  43  4:34  SCV x2  
  43  4:37  Marine  
  37  4:46  SCV x2  
  37  4:50  Raven  
  40  4:58  SCV x2, Refinery  
  40  4:59  Refinery  
  42  5:03  Marine x2  
  44  5:10  SCV  
  44  5:11  SCV  
  44  5:13  Siege Tank  
  46  5:21  Marine x2  
  46  5:22  SCV  
  46  5:23  SCV  
  46  5:27  Orbital Command  
  50  5:34  SCV  
  50  5:35  SCV  
  47  5:45  Siege Tank  
  47  5:46  SCV  
  47  5:47  SCV  
  52  5:52  Viking  
  53  5:57  Viking  
  53  5:58  SCV x2  
  53  6:02  SCV  
  57  6:08  Stimpack, Supply Depot  
  57  6:10  SCV  
  58  6:14  SCV x2  
  60  6:23  SCV  
  60  6:25  Viking  
  63  6:27  Viking  
  66  6:37  Siege Tank  
  66  6:38  SCV  
  69  6:40  SCV  
  69  6:42  SCV  
  72  6:55  Medivac  
  72  6:57  Medivac  
  75  7:02  Supply Depot  
  75  7:06  SCV  
  75  7:07  Barracks  
  75  7:08  SCV, Barracks  
  77  7:15  Liberator  
  77  7:17  Liberator  
  77  7:24  SCV x2, Siege Tank  
  77  7:27  Marine  
  77  7:29  SCV  
  90  7:37  SCV  
  92  7:44  SCV  
  92  7:45  Marine  
  92  7:50  SCV  
  89  7:56  Engineering Bay x2  
  89  8:00  Siege Tank  
  89  8:04  SCV  
  93  8:05  Marine  
  90  8:14  SCV, Barracks Reactor x2  
  90  8:17  Viking  
  91  8:23  Marine  
  91  8:24  SCV  
  91  8:25  Barracks  
  91  8:26  Barracks  
  93  8:35  Supply Depot  
  93  8:36  SCV  
  93  8:41  Marine  
  94  8:47  Orbital Command  
  94  8:48  Siege Tank  
  98  8:51  SCV  
  99  8:56  SCV  
  99  8:59  Marine  
  103  9:03  SCV  
  103  9:04  Marine  
  103  9:09  Supply Depot, Marine  
Tags
 
Add a new tag
Caveats
  • Supply blocks, unpowered buildings, or Contaminate may cause inaccurate times.
  • Supply counts are checked every 10 seconds.